 Dungeon Crawl Stone Soup version 0.25.1-2-g60ff931df9 (webtiles) character file.

Game seed: 5302403469799289333

68 Colgate the Digger (level 4, 33/33 HPs)
             Began as a Draconian Earth Elementalist on Sept 8, 2020.
             Quit the game on level 4 of the Dungeon.
             The game lasted 00:18:54 (1488 turns).

Colgate the Digger (Draconian Earth Elementalist)   Turns: 1488, Time: 00:18:54

Health: 33/33      AC:  5    Str: 11    XL:     4   Next: 1%
Magic:  5/8        EV: 12    Int: 16    God:
Gold:   71         SH:  0    Dex: 11    Spells: 6/9 levels left

rFire    . . .     SeeInvis .   f - +0 short sword
rCold    . . .     Gourm    .   (no shield)
rNeg     . . .     Faith    .   (armour unavailable)
rPois    .         Spirit   .   (helmet restricted)
rElec    .         Reflect  .   (no cloak)
rCorr    .         Harm     .   (no gloves)
MR       .....                  (no boots)
Stlth    ++........             (no amulet)
HPRegen  0.11/turn              (no ring)
MPRegen  0.11/turn              (no ring)

@: no status effects
A: unfitting armour, cold-blooded, AC +5
a: no special abilities


You were on level 4 of the Dungeon.
You were not hungry.

You visited 1 branch of the dungeon, and saw 3 of its levels.

You collected 71 gold pieces.

Inventory:

Hand Weapons
 f - a +0 short sword (weapon)
Missiles
 b - 89 stones (quivered)
 d - 53 bolts
 l - 22 arrows
Jewellery
 h - an uncursed ring of ice
 k - an uncursed amulet of faith
Scrolls
 g - 4 scrolls of identify {unknown}
 j - a scroll of immolation {unknown}
 m - a scroll of teleportation {unknown}
 o - a scroll of fear {unknown}
Potions
 a - 3 potions of flight {unknown}
 e - a potion of curing {unknown}
 n - a potion of heal wounds {unknown}
Comestibles
 c - 4 rations
 i - 4 chunks of flesh


   Skills:
 + Level 1.1 Short Blades
 - Level 1.7 Dodging
 - Level 1.7 Stealth
 - Level 3.0 Spellcasting
 - Level 1.0 Transmutations
 - Level 4.0 Earth Magic


You had 6 spell levels left.
You knew the following spells:

 Your Spells              Type           Power        Failure   Level  Hunger
a - Sandblast             Erth           ###...       3%          1    #......
b - Passwall              Tmut/Erth      ##......     10%         2    ##.....

Your spell library contained the following spells:

 Spells                   Type           Power        Failure   Level  Hunger
 Stone Arrow              Conj/Erth      #.....       24%         3    ###....
 Petrify                  Tmut/Erth      ##......     54%         4    #####..
 Lee's Rapid Deconstruct  Erth           ###.......   69%         5    ######.


Dungeon Overview and Level Annotations

Branches:
Dungeon (2/15)

Altars:


Innate Abilities, Weirdness & Mutations

Your plain brown scales are hard. (AC +5)
You cannot fit into any form of body armour.
You are cold-blooded and may be slowed by cold attacks.


Message History

b - 90 stones
Casting: Sandblast (safe; 3% risk of failure)
Confirm with . or Enter, or press ? or * to list all spells.
Aiming: Sandblast (safe; 3% risk of failure)
Press: ? - help, Shift-Dir - straight line, f - orc
Aim: an orc, wielding a +0 flail and wearing a +0 leather armour The blast of sand hits the orc!
You kill the orc!
You have reached level 4!
You feel stronger.
b - 89 stones
Okay, then.
An orc comes into view. It is wielding a +0 dagger.
Casting: Sandblast (safe; 3% risk of failure)
Confirm with . or Enter, or press ? or * to list all spells.
You can't see any susceptible monsters within range! (Use Z to cast anyway.)
The orc shouts!
Items here: )) [ †† a +0 flail; a +0 leather armour; a +0 hand axe; an orc corpse x2
Are you sure you want to abandon this character and quit the game? (Confirm with "yes".)

. ...
.....#####
#.....#
#.###.#
#.# #.#
#@# #.#
..o ####.
.# #


You could see an orc.

Vanquished Creatures
  An ooze (D:1)
  4 dart slugs
  3 leopard geckos
  2 orcs (D:4)
  A giant cockroach (D:1)
  8 hobgoblins
  6 jackals
  2 kobolds
  7 bats
  A frilled lizard (D:1)
  7 goblins (D:1)
  6 rats (D:1)
48 creatures vanquished.

Notes
Turn   | Place    | Note
-------+----------+-------------------------------------------
     0 | D:1      | Colgate the Draconian Earth Elementalist began the quest
                  | for the Orb.
     0 | D:1      | Reached XP level 1. HP: 14/14 MP: 3/3
   164 | D:1      | Reached XP level 2. HP: 16/20 MP: 1/5
   531 | D:1      | Reached skill level 4 in Earth Magic
   538 | D:1      | Learned a level 2 spell: Passwall
   681 | D:1      | Reached XP level 3. HP: 26/26 MP: 2/6
  1479 | D:2      | You fall into a shaft and drop 2 floors!
  1483 | D:4      | Reached skill level 1 in Short Blades
  1484 | D:4      | Reached XP level 4. HP: 33/33 MP: 5/8
  1488 | D:4      | Quit the game

Illustrated notes

Levels and vault maps discovered:
D:1:      minmay_arrival_jagged, layout_basic, minmay_cupped
D:2:      layout_loops_ring, first_ration, chequers_ecumenical_altar_lobes
D:4:      cheibrodos_pilgrimage, layout_loops_ring,
          nicolae_tso_swordbearing_angel, okawaru_metal_pillars_1_2

Skill      XL: |  1  2  3 |
---------------+----------+-----
Earth Magic    | 4 |  4.0
Spellcasting   | 3 |  3.0
Short Blades   | 1 |  1.1
Dodging        | |  1.7
Stealth        | |  1.7
Transmutations | |  1.0

Action                   |  1- 3 |  4- 6 || total
-------------------------+-------+-------++-------
Melee: Unarmed           |    30 |       ||    30
       Tailslap          |    10 |       ||    10
       Short sword       |    81 |       ||    81
 Cast: Sandblast         |    32 |     1 ||    33
 Stab: Sleeping          |     1 |       ||     1
  Eat: Chunk             |     2 |       ||     2
Armor: Skin              |    38 |       ||    38
Dodge: Dodged            |    59 |       ||    59
